 Dungeon Crawl Stone Soup version 0.31-a0-523-g071a6c1ffa (webtiles) character file.

Game seed: 1324553306458947384

2053 javelincjr the Trooper (level 9, -8/71 HPs)
             Began as a Demonspawn Monk on Aug 11, 2023.
             Was a Follower of Makhleb.
             Mangled by a fire elemental (12 damage)
             ... created by the fiery vengeance of Ignis
             ... on level 6 of the Dungeon.
             The game lasted 00:14:05 (4284 turns).

javelincjr the Trooper (Demonspawn Monk)            Turns: 4284, Time: 00:14:05

Health: -8/71      AC: 10    Str: 16    XL:     9   Next: 4%
Magic:  0/9        EV: 13    Int: 10    God:    Makhleb [*.....]
Gold:   304        SH:  0    Dex: 15    Spells: 8/8 levels left

rFire   . . .        z - +2 spear
rCold   . . .        (no shield)
rNeg    . . .        o - +3 ring mail of Pride {Harm Will+ Int-2 Slay+6}
rPois   .            (helmet restricted)
rElec   .            k - +0 cloak
rCorr   .            (gloves unavailable)
SInv    .            (no boots)
Will    +....        u - amulet of guardian spirit
Stlth   +            l - ring of protection from cold
HPRegen 0.31/turn    A - ring of fire
MPRegen 0.11/turn

%: harm (+30% outgoing, +20% incoming), guardian spirit
@: fire susceptible
A: antennae 1, hooves 1, powered by death 1, demonic touch 3
a: Renounce Religion


You were on level 6 of the Dungeon.
You worshipped Makhleb.
Makhleb was aware of your devotion.
You visited 2 branches of the dungeon, and saw 11 of its levels.

You collected 304 gold pieces.

Inventory:

Hand Weapons
 a - a +0 spear
 z - a +2 spear (weapon)
Missiles
 h - 26 poisoned darts (quivered)
 x - 3 boomerangs
Armour
 b - a +0 robe
 d - an orb of light
 j - a +0 ring mail
 k - a +0 cloak (worn)
 n - the +1 scale mail of the Moon {rCorr Slay+2 Stlth+}
   (You found it on level 2 of the Dungeon)

   Slay+2:    It affects your accuracy & damage with ranged weapons and melee
   (+2).
   rCorr:     It protects you from acid and corrosion.
   Stlth+:    It makes you more stealthy.
 o - the +3 ring mail of Pride (worn) {Harm Will+ Int-2 Slay+6}
   (You took it off a hobgoblin on level 2 of the Dungeon)

   Int-2:     It affects your intelligence (-2).
   Slay+6:    It affects your accuracy & damage with ranged weapons and melee
   (+6).
   Will+:     It increases your willpower.
   Harm:      It increases damage dealt and taken.
Jewellery
 l - a ring of protection from cold (left hand)
 u - an amulet of guardian spirit (around neck)
 w - a ring of resist corrosion
 A - a ring of fire (right hand)
Scrolls
 e - 3 scrolls of teleportation {unknown}
 i - 2 scrolls of immolation {unknown}
 m - a scroll of silence {unknown}
 p - 6 scrolls of identify {unknown}
 q - a scroll of enchant weapon {unknown}
 r - a scroll of amnesia {unknown}
 s - 2 scrolls of blinking {unknown}
 v - a scroll of brand weapon {unknown}
 y - a scroll of torment {unknown}
Potions
 c - a potion of ambrosia
 f - 4 potions of haste {unknown}
 g - 2 potions of enlightenment {unknown}
 t - a potion of attraction {unknown}
 B - 2 potions of curing {unknown}


   Skills:
 + Level 6.7 Fighting
 + Level 6.0 Polearms
 + Level 5.1 Armour
 + Level 6.1 Dodging


You had 8 spell levels left.
You didn't know any spells.
Your spell library contained the following spells:

 Spells                   Type           Power      Damage    Failure   Level
 Shock                    Conj/Air       0%         1d3       56%         1
 Ensorcelled Hibernation  Hex/Ice        0%         N/A       71%         2
 Gell's Gravitas          Tloc           0%         N/A       90%         3
 Swiftness                Air            0%         N/A       90%         3
 Teleport Other           Tloc           0%         N/A       90%         3
 Airstrike                Air            0%         2d(0-16)  100%        4
 Anguish                  Hex/Necr       0%         N/A       100%        4
 Dispersal                Tloc           0%         N/A       100%        6


Dungeon Overview and Level Annotations

Branches:
Dungeon (10/15)            Temple (1/1) D:4
   Lair: D:8-11         Orc: D:9-12

Altars:
Ashenzari
Cheibriados
Dithmenos
Fedhas
Hepliaklqana
Kikubaaqudgha
Makhleb
Nemelex Xobeh
Okawaru
Qazlal
Ru
Trog
Uskayaw
Vehumet
Wu Jian
Xom
Yredelemnul
Ignis

Shops:
D:2 (


Innate Abilities, Weirdness & Mutations

You have a pair of small antennae on your head.
You have large cloven feet.
You regenerate a little health from kills.
Your touch may irresistibly damage your foes and sap their willpower.


Message History

You climb downwards.
There is a stone staircase leading up here.
You puncture the fire elemental!
You destroy the fire elemental!
That felt strangely unrewarding.
The fire elemental barely misses you.
You barely miss the fire elemental.
You kick the fire elemental, but do no damage.
The fire elemental hits you. The fire elemental burns you!
You are too injured to fight recklessly!
You are too injured to fight recklessly!
You are too injured to fight recklessly!
You barely miss the fire elemental. The fire elemental hits you.
The fire elemental burns you!
You puncture the fire elemental! You kick the fire elemental.
The fire elemental is moderately damaged.
The fire elemental hits you. The fire elemental burns you!
* * * LOW HITPOINT WARNING * * *
You hit the fire elemental.
You kick the fire elemental, but do no damage.
Your touch misses the fire elemental.
The fire elemental is heavily damaged.
The fire elemental closely misses you.
You hit the fire elemental. Your kick misses the fire elemental.
The fire elemental is heavily damaged.
The fire elemental hits you. The fire elemental burns you!
* * * LOW HITPOINT WARNING * * *
You hit the fire elemental.
You kick the fire elemental, but do no damage.
The fire elemental is severely damaged.
The fire elemental hits you. The fire elemental burns you!
* * * LOW HITPOINT WARNING * * *
Okay, then.
Okay, then.
You hit the fire elemental but do no damage.
The fire elemental is severely damaged.
The fire elemental barely misses you.
You hit the fire elemental.
The fire elemental is severely damaged.
The fire elemental hits you. The fire elemental burns you!
You die...

###### #....#### ###
#.......# #### #.# #.# ..#
#.# #.# #.########..
#######.########.##........
#......[).@.......>)####...
###.....##.E[..............
#####.....[.......######.
#..######.^.......##.
#.###......##........ .>.#
#.####.##...####. #####
#....#.....# ##..######..
#...# ##.


You could see a fire elemental.

Vanquished Creatures
  Grinder (D:3)
  Eustachio (D:6)
  A fire elemental (D:6)
  A water moccasin (D:9)
  A black bear (D:6)
  2 ogres
  A centaur (D:6)
  2 kobold brigands
  A bullfrog (D:3)
  A scorpion (D:4)
  8 wights
  2 hounds
  4 orc priests
  4 iguanas
  5 orc wizards
  3 gnolls (D:7)
  4 adders
  A shadow imp (D:5)
  A white imp (D:6)
  A worm (D:2)
  2 dart slugs (D:1)
  21 orcs
  2 bats
  3 endoplasms
  4 giant cockroaches
  7 goblins
  7 hobgoblins
  6 jackals
  11 kobolds
  3 quokkas
  6 ball pythons
  3 frilled lizards (D:1)
  8 rats
128 creatures vanquished.

Notes
Turn   | Place    | Note
-------+----------+-------------------------------------------
     0 | D:1      | javelincjr the Demonspawn Monk began the quest for the Orb.
     0 | D:1      | Reached XP level 1. HP: 18/18 MP: 1/1
    99 | D:1      | Found a faded altar of an unknown god.
   112 | D:1      | Prayed at the altar of an unknown god.
   112 | D:1      | Became a worshipper of Ignis, the Dying Flame
   112 | D:1      | Reached ****** piety under Ignis
   289 | D:1      | Discovered your monstrous ancestry.
   289 | D:1      | Gained mutation: Your touch may inflict minor irresistible
                  | damage on your foes. [demonic ancestry]
   289 | D:1      | Reached XP level 2. HP: 24/24 MP: 2/2
   712 | D:1      | Reached XP level 3. HP: 29/29 MP: 3/3
   854 | D:2      | Identified the +3 ring mail of Pride {Harm Will+ Int-2
                  | Slay+6}
  1042 | D:2      | Found Suutysseyre's Weapon Shoppe.
  1238 | D:2      | Identified the +1 scale mail of the Moon {rCorr Slay+2
                  | Stlth+}
  1242 | D:2      | Reached skill level 1 in Armour
  1548 | D:3      | Noticed a bullfrog
  1550 | D:3      | Gained mutation: Your touch may inflict irresistible damage
                  | on your foes. [demonic ancestry]
  1550 | D:3      | Reached XP level 4. HP: 37/37 MP: 4/4
  1558 | D:3      | Killed a bullfrog
  1559 | D:3      | Gained mutation: You have large cloven feet. [demonic
                  | ancestry]
  1559 | D:3      | Reached XP level 5. HP: 42/42 MP: 5/5
  1612 | D:3      | Noticed Grinder
  1612 | D:3      | Paralysed by Grinder for 2 turns
  1617 | D:3      | Killed Grinder
  1618 | D:3      | Gained mutation: Your touch may irresistibly damage your
                  | foes and sap their willpower. [demonic ancestry]
  1618 | D:3      | Reached XP level 6. HP: 49/49 MP: 6/6
  2272 | D:4      | Gained mutation: You regenerate a little health from kills.
                  | [demonic ancestry]
  2272 | D:4      | Reached XP level 7. HP: 40/55 MP: 7/7
  2408 | D:4      | Reached skill level 5 in Fighting
  2629 | D:4      | Found a staircase to the Ecumenical Temple.
  2638 | Temple   | Entered the Ecumenical Temple
  2664 | Temple   | Fell from the grace of Ignis
  2664 | Temple   | Became a worshipper of Makhleb the Destroyer
  2951 | D:5      | Entered Level 5 of the Dungeon
  3327 | D:5      | You fall into a shaft and drop 2 floors!
  3523 | D:7      | Reached skill level 5 in Polearms
  3523 | D:7      | Reached skill level 5 in Dodging
  3529 | D:7      | Gained mutation: You have a pair of small antennae on your
                  | head. [demonic ancestry]
  3529 | D:7      | Reached XP level 8. HP: 42/63 MP: 6/8
  3809 | D:7      | You fall into a shaft and drop 3 floors!
  3809 | D:10     | Entered Level 10 of the Dungeon
  4013 | D:7      | Reached * piety under Makhleb
  4041 | D:6      | Noticed Eustachio
  4047 | D:6      | Killed Eustachio
  4183 | D:6      | Reached skill level 5 in Armour
  4191 | D:6      | Reached XP level 9. HP: 42/71 MP: 6/9
  4282 | D:6      | HP: 3/71 [fire elemental[the fiery vengeance of Ignis] (8)]
  4284 | D:6      | Mangled by a fire elemental

Illustrated notes

Levels and vault maps discovered:
D:1:      ncdulo_smallfort, layout_loops_cross,
          hellmonk_ecumenical_altar_leap_of_faith
D:2:      layout_rooms, serial_shops, nicolae_shop_bloodbath_and_beyond
D:3:      layout_basic, columned_hall_lemuel, bh_walls_and_bars, uniq_grinder
D:4:      layout_loops_ring, minmay_temple_entry_butterflies
D:5:      layout_layer_cave
D:6:      layout_rooms, nicolae_sif_muna_little_library, serial_shops, shop,
          uniq_eustachio
D:7:      layout_basic
D:8:      layout_loops_cross, uniq_joseph
D:9:      layout_rooms, nicolae_gozag_seed_capital,
          grunt_lair_entry_orc_guard_hut, kennysheep_path_1
D:10:     hellmonk_paralyzer, layout_rooms
Temple:   mainiacjoe_temple_cubbyholes

Skill      XL: |  1  2  3  4  5  6  7  8 |
---------------+-------------------------+-----
Polearms       | 3 4 5 6 |  6.0
Dodging        | 3 4 5 6 |  6.1
Armour         | 1 2 3 5 |  5.1
Fighting       | 4 5 6 |  6.7

Action                     |  1- 3 |  4- 6 |  7- 9 || total
---------------------------+-------+-------+-------++-------
  Melee: Spear             |   104 |    59 |   139 ||   302
         Touch             |    11 |     8 |    13 ||    32
         Punch             |     1 |       |     1 ||     2
         Kick              |       |     9 |    35 ||    44
  Throw: Dart              |       |       |     1 ||     1
   Stab: Sleeping          |     1 |       |       ||     1
 Armour: Robe              |     2 |       |       ||     2
         Ring mail         |    21 |     8 |    37 ||    66
  Dodge: Dodged            |    31 |    11 |    47 ||    89

Table legend: (Time is in decaauts)
 A = Elapsed time spent in this place.
 B = Non-inter-level travel time spent in this place.
 C = Inter-level travel time spent in this place.
 D = Time resting spent in this place.
 E = Time spent auto-exploring this place.
 F = Levels seen in this place.
 G = Mean time per level.
                   A        B        C        D        E       F      G
               +--------+--------+--------+--------+--------+-----+--------+
         Total |   4249 |   4068 |    181 |     32 |   3201 |  11 |  386.3 |
       Dungeon |   4198 |   4066 |    132 |     32 |   3201 |  10 |  419.8 |
        Temple |     50 |      1 |     49 |      0 |      0 |   1 |   50.0 |
               +--------+--------+--------+--------+--------+-----+--------+

Top non-repeatable levels by time:
     D:1: 817 daAuts
     D:3: 793 daAuts
     D:4: 740 daAuts
     D:7: 698 daAuts
     D:2: 534 daAuts
     D:5: 413 daAuts
     D:6: 141 daAuts
  Temple: 50 daAuts
    D:10: 29 daAuts
     D:8: 15 daAuts
     D:9: 13 daAuts
